 Dungeon Crawl Stone Soup version 0.16-a0-3972-g91ea21f (webtiles) character file.

91385 PolkaDot the Summoner (level 15, 0/104 HPs)
             Began as a Vampire Summoner on Feb 11, 2015.
             Was the Champion of Sif Muna.
             Succumbed to a ghost moth's poison
             ... on level 4 of the Spider Nest.
             The game lasted 04:44:54 (35965 turns).

PolkaDot the Summoner (Vampire Summoner)           Turns: 35965, Time: 04:44:54

Health: 0/104      AC: 14    Str: 10 (12) XL:     15   Next: 54%
Magic:  2/59       EV: 11    Int: 31      God:    Sif Muna [******]
Gold:   1648       SH:  7    Dex: 11 (14) Spells: 8 memorised, 4 levels left

rFire  + . .     SeeInvis +     f - staff of power
rCold  + . .     Clarity  +     T - +4 moon troll leather armour {Spirit, Regen++ MP+5}
rNeg   + + .     SustAb   .     d - +3 buckler "Goinn" {rF+ rN+}
rPois  .         Gourm    .     z - +2 hat {Int+3}
rElec  .         Spirit   +     K - +1 cloak
rCorr  +         Warding  .     k - +1 pair of gloves
rMut   .         Stasis   .     (no boots)
MR     +....                    h - amulet of resist corrosion
Stlth  ++........               D - ring of magical power
                                i - ring of Cahol {rC+ Int+4}

@: mighty, lethally poisoned (0 -> -26), about to teleport, very slightly
contaminated, hasted, very quick, somewhat resistant to hostile enchantments,
unstealthy
A: bottle blood, claws 1, fangs 3, see invisible, berserk 1, clarity, clever 1,
unbreathing, MP-powered wands 1
a: Bat Form, Channel Energy, Forget Spell, Renounce Religion


You were on level 4 of the Spider Nest.
You worshipped Sif Muna.
Sif Muna was exalted by your worship.
You were not thirsty.

You visited 5 branches of the dungeon, and saw 33 of its levels.
You also visited: Volcano.

You collected 3182 gold pieces.
You spent 1534 gold pieces at shops.

Inventory:

Missiles
 g - 6 throwing nets (quivered)
Armour
 d - the +3 buckler "Goinn" (worn) {rF+ rN+}
   (You acquired it on level 10 of the Dungeon)

   It protects you from fire.
   It protects you from negative energy.
 k - a +1 pair of gloves (worn)
 z - a +2 hat of intelligence (worn)
 K - a +1 cloak (worn)
 N - a +1 helmet of fire resistance
 T - the +4 moon troll leather armour (worn) {Spirit, Regen++ MP+5}
   (You bought it in a shop on level 13 of the Dungeon)

   It affects your magic capacity (+5).
   It increases your rate of regeneration.
 X - a +1 cloak
Magical staves
 f - an uncursed staff of power (weapon)
Jewellery
 b - an uncursed ring of protection from magic
 h - an amulet of resist corrosion (around neck)
 i - the ring of Cahol (left hand) {rC+ Int+4}
   (You took it off an orc on level 10 of the Dungeon)

   [ring of protection from cold]

   It affects your intelligence (+4).
   It protects you from cold.
 w - an uncursed ring of sustain abilities
 D - a ring of magical power (right hand)
 H - an uncursed amulet of clarity
 Q - an uncursed ring of protection from magic
Magical devices
 n - a wand of digging (11)
 r - a wand of fireball (1)
 y - a wand of fireball (3)
 B - a wand of fireball (7)
 G - a wand of digging (11)
 O - a wand of digging (10)
 U - a wand of cold (3)
 Y - a wand of invisibility (2)
Scrolls
 a - 2 scrolls of brand weapon
 c - a scroll of recharging
 j - 14 scrolls of remove curse
 m - a scroll of immolation
 p - 3 scrolls of enchant weapon
 q - 4 scrolls of identify
 t - 2 scrolls of teleportation
 u - a scroll of vulnerability
 x - a scroll of amnesia
 E - 4 scrolls of fog
 M - a scroll of torment
 W - 2 scrolls of enchant armour
Potions
 e - a potion of resistance
 l - 3 potions of flight
 o - 6 potions of restore abilities
 v - 11 potions of blood {@*1}
 F - 5 potions of brilliance
 J - a potion of magic
 L - a potion of might
Books
 A - Laurhus' Incunabulum of Slavery {god gift}
   (Sif Muna gifted it to you on level 4 of the Orcish Mines)

   Spells                             Type                      Level
   a - Summon Small Mammal            Summoning                    1
   b - Call Imp                       Summoning                    2
   c - Shadow Creatures               Summoning                    5
   d - Haunt                          Necromancy/Summoning         7
 C - a book of the Dragon

   Spells                             Type                      Level
   a - Flight                         Charms/Air                   3
   b - Cause Fear                     Hexes                        4
   c - Bolt of Fire                   Conjuration/Fire             6
   d - Dragon Form                    Transmutation                7
   e - Dragon's Call                  Summoning                    9
 I - a book of Battle

   Spells                             Type                      Level
   a - Infusion                       Charms                       1
   b - Shroud of Golubria             Charms/Translocation         2
   c - Song of Slaying                Charms                       2
   d - Spectral Weapon                Hexes/Charms                 3
   e - Regeneration                   Charms/Necromancy            3
 P - a book of Burglary

   Spells                             Type                      Level
   a - Swiftness                      Charms/Air                   2
   b - Passwall                       Transmutation/Earth          3
   c - Passage of Golubria            Translocation                4
   d - Lee's Rapid Deconstruction     Earth                        5
   e - Invisibility                   Hexes                        6
   f - Darkness                       Hexes                        7
 S - a book of the Warp

   Spells                             Type                      Level
   a - Recall                         Summoning/Translocation      3
   b - Control Teleport               Charms/Translocation         4
   c - Force Lance                    Conjuration/Translocation    4
   d - Phase Shift                    Translocation                5
   e - Warp Weapon                    Charms/Translocation         5
   f - Summon Forest                  Summoning/Translocation      5
   g - Gell's Gravitas                Hexes/Translocation          6


   Skills:
 - Level 5.6 Fighting
 - Level 2.1 Dodging
 - Level 3.0 Stealth
 - Level 2.0 Shields
 - Level 10.0 Spellcasting
 - Level 10.0 Conjurations
 - Level 6.6 Hexes
 - Level 2.1 Charms
 + Level 14.8 Summonings
 + Level 2.7 Translocations
 * Level 8.7 Ice Magic
 - Level 10.5 Air Magic
   Level 6.4 Poison Magic


You had 4 spell levels left.
You knew the following spells:

 Your Spells              Type           Power        Failure   Level  Hunger
a - Apportation           Tloc           ####......   1%          1    None
c - Control Teleport      Chrm/Tloc      ####......   24%         4    None
f - Freezing Cloud        Conj/Ice/Air   ######....   17%         6    #####..
g - Summon Guardian Gole  Hex/Summ       ######..     1%          4    None
i - Summon Ice Beast      Ice/Summ       ######..     1%          4    None
l - Summon Lightning Spi  Summ/Air       #######.     1%          4    None
v - Summon Mana Viper     Hex/Summ       ######..     1%          5    ###....
D - Repel Missiles        Chrm/Air       ######       1%          2    None


Dungeon Overview and Level Annotations

Branches:
Dungeon (15/15)            Temple (1/1) D:4            Lair (8/8) D:10
 Shoals (0/5) Lair:5       Spider (5/5) Lair:5        Slime (0/6) Lair:6
    Orc (4/4) D:10         Vaults (0/5) D:13         Depths (0/5) D:15
    Elf: Orc:3-4

Altars:
Ashenzari
Cheibriados
Dithmenos
Elyvilon
Fedhas
Gozag
Kikubaaqudgha
Makhleb
Nemelex Xobeh
Okawaru
Qazlal
Ru
Sif Muna
Trog
Vehumet
Xom
Yredelemnul
The Shining One
Beogh
Jiyva

Shops:
D:4 *   D:5 *   D:9 ?   D:13 %%[   Orc:1 ?   Orc:4 (}%%

Portals:
Trove: D:12 (show slimy rune of Zot)


Innate Abilities, Weirdness & Mutations

You can bottle blood from corpses.
You have razor-sharp teeth.
You have supernaturally acute eyesight.
You can survive without breathing.
You have sharp fingernails.
You tend to lose your temper in combat.
You possess an exceptional clarity of mind.
Your mind is acute. (Int +2)
You expend magic power (3 MP) to slightly strengthen your wands.


Message History

Press: ? - help, Dir - move target cursor
As you read the scroll of blinking, it crumbles to dust.
* * * LOW HITPOINT WARNING * * *
You feel very sick.
Drink which item? (? for menu, Esc to quit)
Yummy - fresh blood!
* * * LOW HITPOINT WARNING * * *
You feel very sick.
Read which item? (? for menu, Esc to quit)
As you read the scroll of teleportation, it crumbles to dust.
You feel strangely unstable.
* * * LOW HITPOINT WARNING * * *
You feel very sick.
Drink which item? (? for menu, Esc to quit)
Yummy - fresh blood!
* * * LOW HITPOINT WARNING * * *
You feel very sick.
Drink which item? (? for menu, Esc to quit)
Yummy - fresh blood!
You die...

..#........^^##.#.........^.....#
..#..........##.###^.......##....
...........####.###........##....
..........#####.#...#......†....#
.(......#..#..#.#...#...^..###..#
##^..#..#.......^.#.####..## #..#
^^..............^...# #..####..#
.....^.......##.#.^#####..##.#..#
..#....#........@......#.........
###....#..#####.######.##..##^..#
#.......### #.# ###.#...##...#
##....#...# #.####...#........#
###.........###y##..........^.#.#
..^.........^.#...........#...###
......#≈..................##...#
.....#≈≈#..##..................##
..#...≈≈≈.^###..##.......##...#..


You could see a ghost moth (invisible).

Vanquished Creatures
  An orc warlord (Orc:4)
  6 orc high priests (Orc:4)
  3 wolf spiders (Spider:4)
  A hill giant (D:13)
  A lindwurm (Volcano)
  2 orc knights (Orc:4)
  5 orb spiders
  5 orc sorcerers (Orc:4)
  A centaur zombie (D:15)
  A moth of wrath (Spider:2)
  A sixfirhy (Orc:4)
  A black mamba (Lair:6)
  2 molten gargoyles (Volcano)
  A demonic crawler (Spider:4)
  5 komodo dragons
  A spiny frog (Lair:6)
  A guardian golem (Spider:2)
  4 trolls
  3 two-headed ogres (Orc:4)
  Grinder (D:5)
  2 polar bears
  3 jumping spiders
  A wyvern (Lair:8)
  7 redbacks (Spider:4)
  4 tarantellas (Spider:4)
  2 trapdoor spiders (Spider:4)
  12 yaks
  A chaos spawn (Orc:4)
  A mottled dragon (Volcano)
  2 wolves
  2 hippogriffs (Lair:6)
  2 fire bats (Volcano)
  A warg (Orc:2)
  A water moccasin (shapeshifter) (D:13)
  4 spiders (Spider:4)
  A water moccasin (Lair:7)
  5 porcupines
  40 orc warriors
  A black bear (D:10)
  5 sky beasts
  12 ogres
  A phantom (D:7)
  3 crocodiles
  12 giant frogs
  A big kobold (D:7)
  2 scorpions
  3 wights (D:8)
  An electric eel (Spider:4)
  2 lava snakes (Volcano)
  A crimson imp (D:13)
  2 giant frog zombies
  25 orc priests
  A gnoll shaman (D:8)
  5 hounds
  A jelly (D:6)
  19 orc wizards
  3 iguanas
  5 worker ants
  2 sheep (Lair:4)
  A hound zombie (D:6)
  A worker ant zombie (D:5)
  2 gnolls (D:8)
  10 river rats
  6 shadow imps
  12 adders
  2 worms
  A giant mite (D:8)
  4 fulminant prisms
  3 adder skeletons
  3 orc zombies
  213 orcs
  3 giant cockroaches
  2 gnoll zombies (D:8)
  17 hobgoblins
  4 jackals
  25 kobolds
  2 ball pythons
  17 bats
  5 giant geckos
  A giant gecko zombie (D:6)
  29 goblins
  A jackal zombie (D:5)
  7 quokkas
  10 rats
  5 fungi
  3 plants
633 creatures vanquished.

Vanquished Creatures (collateral kills)
  Frances (D:15)
  An emperor scorpion (Spider:1)
  Gastronok (D:13)
  A fire dragon (D:15)
  The ghost of Herrn the Quickloader, a powerful FoHu of Okawaru (D:11)
  3 vault guards (D:13)
  An ogre mage (D:15)
  An ice dragon (D:15)
  9 hydras
  Nessos (D:13)
  5 centaur warriors
  A death yak (Lair:5)
  2 tengu warriors (D:15)
  A catoblepas (Lair:5)
  Nergalle (D:13)
  The ghost of inmateoo the Slasher, an experienced FoFi of Nemelex Xobeh (D:7)
  Erolcha (D:13)
  An unseen horror (D:14)
  4 hill giants
  2 orc knights
  18 ugly things
  A wolf spider zombie (D:13)
  18 wolf spiders
  10 orb spiders
  4 cyclopes
  6 hornets (Spider:1)
  10 black mambas
  2 manticores
  A griffon (Lair:5)
  3 centaur zombies
  Joseph (Lair:1)
  A sixfirhy (D:15)
  8 mana vipers
  4 torpor snails
  A guardian serpent (Lair:8)
  A kobold demonologist (D:15)
  The ghost of Herpmino the Chopper, an experienced FoFi (D:5)
  2 gargoyles
  21 spiny frogs
  2 centaur skeletons (D:14)
  5 komodo dragons
  An elf (shapeshifter) (D:15)
  9 jumping spiders
  9 demonic crawlers
  A tengu conjurer (D:15)
  4 fire drakes
  5 trolls
  A two-headed ogre (D:15)
  17 trapdoor spiders
  2 boulder beetles
  5 ravens (D:15)
  11 blink frogs
  2 basilisks
  40 redbacks
  19 tarantellas
  2 deep elf magi
  50 yaks
  2 shadows
  2 wraiths (D:13)
  6 wyverns
  2 hungry ghosts
  10 hippogriffs
  3 vampire mosquitoes (D:13)
  A mottled dragon (Volcano)
  19 wolves
  5 wargs
  13 water moccasins
  11 porcupines
  28 ice beasts
  A sky beast (D:14)
  2 black bears
  6 wasps
  16 spiders
  4 phantoms
  15 orc warriors
  3 boring beetles
  10 centaurs
  9 ogres
  A necrophage (D:10)
  An ogre (shapeshifter) (D:13)
  8 crocodiles
  Blork the orc (D:7)
  4 big kobolds
  18 giant frogs
  12 scorpions
  6 killer bees (D:10)
  A water moccasin skeleton (D:9)
  A wight (D:8)
  4 electric eels
  A quasit (D:13)
  7 crimson imps
  4 goliath beetles
  13 orc priests
  8 hounds
  Crazy Yiuf (D:2)
  7 iguanas
  3 jellies
  2 giant frog skeletons
  15 orc wizards
  8 worker ants
  9 sheep (Lair:4)
  Ijyb (D:2)
  A hound skeleton (D:8)
  17 adders
  5 gnolls (D:8)
  27 river rats
  A worm (D:2)
  An orc zombie (D:8)
  An adder zombie (D:5)
  3 giant geckos
  An ooze (D:3)
  53 orcs
  A goblin (Orc:1)
  A hobgoblin (D:2)
  3 jackals (D:10)
  3 quokkas
  2 bats
  A jackal skeleton (D:7)
  21 kobolds
  3 rats
  6 ballistomycetes (D:13)
  2 fungi
  2 plants
796 creatures vanquished.

Vanquished Creatures (others)
  A vault guard (D:13)
  The ghost of flinch the Basher, an experienced OgBe of Trog (D:8)
  A hornet (Spider:1)
  64 mana vipers
  A torpor snail (Spider:3)
  2 demonic crawlers
  A jumping spider (Spider:2)
  A two-headed ogre (D:10)
  A boulder beetle (Spider:2)
  33 wolves
  2 yaks (D:13)
  11 wargs
  45 guardian golems
  90 ice beasts
  2 crimson imps
  A giant frog zombie (D:8)
  31 hounds
  A jelly (D:12)
  2 white imps
  154 fulminant prisms
  A bat (D:1)
  3 giant spores
  A ballistomycete (D:12)
  9 fungi
  8 plants
467 creatures vanquished.

Grand Total: 1896 creatures vanquished

Notes
Turn   | Place    | Note
--------------------------------------------------------------
     0 | D:1      | PolkaDot, the Vampire Summoner, began the quest for the Orb.
     0 | D:1      | Reached XP level 1. HP: 13/13 MP: 3/3
   265 | D:1      | Reached XP level 2. HP: 20/20 MP: 4/4
   301 | D:1      | Reached skill level 1 in Fighting
   423 | D:1      | Learned a level 2 spell: Call Imp
   788 | D:1      | Reached XP level 3. HP: 26/26 MP: 6/6
  1196 | D:2      | Learned a level 3 spell: Call Canine Familiar
  1244 | D:2      | Reached skill level 5 in Summonings
  1396 | D:2      | Noticed Ijyb
  1410 | D:2      | Killed Ijyb
  1410 | D:2      | Reached XP level 4. HP: 29/33 MP: 1/7
  1459 | D:2      | Noticed Crazy Yiuf
  1470 | D:2      | Killed Crazy Yiuf
  1958 | D:3      | Reached XP level 5. HP: 26/39 MP: 0/9
  2437 | D:4      | Found Suafiommach's General Store.
  2453 | D:4      | Noticed an ogre
  2479 | D:4      | Bought a scroll of identify for 26 gold pieces
  2479 | D:4      | Bought a scroll of identify for 26 gold pieces
  2483 | D:4      | Gained mutation: You expend magic power (3 MP) to slightly strengthen your wands. [potion of mutation]
  2483 | D:4      | Gained mutation: Your spells are a little easier to cast, but a little less powerful. [potion of mutation]
  2483 | D:4      | Gained mutation: You have sharp fingernails. [potion of mutation]
  2629 | D:4      | Found a staircase to the Ecumenical Temple.
  2633 | Temple   | Entered the Ecumenical Temple
  2744 | Temple   | Became a worshipper of Sif Muna the Loreminder
  2790 | D:4      | Reached skill level 6 in Summonings
  2814 | D:4      | Found a stormy altar of Qazlal.
  2876 | D:4      | Killed an ogre
  2962 | D:4      | Reached XP level 6. HP: 26/47 MP: 10/10
  3223 | D:4      | Found a glowing golden altar of the Shining One.
  3500 | D:5      | Entered Level 5 of the Dungeon
  3502 | D:5      | Noticed Grinder
  3508 | D:5      | Paralysed by Grinder for 7 turns
  3519 | D:5      | Killed Grinder
  3519 | D:5      | Reached skill level 7 in Summonings
  3599 | D:5      | Reached XP level 7. HP: 50/53 MP: 12/12
  3608 | D:5      | Got an ancient leather armour
  3619 | D:5      | Identified the +2 leather armour of Eternity {Str+3} (You found it on level 5 of the Dungeon)
  3656 | D:5      | Found a blossoming altar of Fedhas.
  3748 | D:5      | Noticed Herpmino's ghost (experienced FoFi)
  3749 | D:5      | Found a stormy altar of Qazlal.
  3758 | D:5      | Learned a level 4 spell: Summon Ice Beast
  3766 | D:5      | Killed Herpmino's ghost
  3766 | D:5      | Acquired Sif Muna's first power
  3929 | D:5      | Found Hylelaed's Assorted Antiques.
  3932 | D:5      | Bought a glowing buckler for 153 gold pieces
  4120 | D:6      | Found a stormy altar of Qazlal.
  4172 | D:6      | Reached XP level 8. HP: 17/61 MP: 2/13
  4523 | D:6      | Reached skill level 8 in Summonings
  4790 | D:6      | Gained mutation: You are agile. (Dex +2) [potion of mutation]
  4790 | D:6      | Gained mutation: You possess an exceptional clarity of mind. [potion of mutation]
  4790 | D:6      | Gained mutation: You can spit poison. [potion of mutation]
  5120 | D:6      | Acquired Sif Muna's second power
  5278 | D:7      | Noticed inmateoo's ghost (experienced FoFi)
  5280 | D:7      | Noticed a troll
  5297 | D:7      | Killed a troll
  5297 | D:7      | Reached skill level 5 in Fighting
  5304 | D:7      | Killed inmateoo's ghost
  5304 | D:7      | Reached skill level 5 in Ice Magic
  5566 | D:7      | Reached XP level 9. HP: 45/68 MP: 4/14
  5585 | D:7      | Learned a level 1 spell: Apportation
  5615 | D:7      | Noticed Blork the orc
  5627 | D:7      | Killed Blork the orc
  6064 | D:7      | Reached skill level 1 in Translocations
  6225 | D:8      | Reached skill level 9 in Summonings
  6310 | D:8      | Found a burning altar of Makhleb.
  6734 | D:8      | Learned a level 4 spell: Summon Guardian Golem
  6982 | D:8      | Noticed flinch's ghost (experienced OgBe)
  7003 | D:8      | Killed flinch's ghost
  7003 | D:8      | Reached skill level 1 in Hexes
  7152 | D:8      | Acquired Sif Muna's third power
  7194 | D:8      | Reached skill level 5 in Spellcasting
  7322 | D:8      | Found a sacrificial altar of Ru.
  7488 | D:9      | Found Klila's Magic Scroll Shoppe.
  7708 | D:9      | Reached XP level 10. HP: 75/75 MP: 23/23
  7935 | D:9      | Found a white marble altar of Elyvilon.
  8195 | D:10     | Entered Level 10 of the Dungeon
  8227 | D:10     | Found a staircase to the Lair.
  8397 | D:10     | You fall through a shaft for 2 floors!
  8397 | D:12     | Noticed a cyclops
  8401 | D:12     | Noticed a centaur warrior
  8419 | D:12     | Reached skill level 5 in Hexes
  8589 | D:12     | Reached skill level 10 in Summonings
  8802 | D:12     | Found a portal to a secret trove of treasure.
  8866 | D:12     | Noticed a hill giant
  8866 | D:12     | Learned a level 5 spell: Summon Mana Viper
  8871 | D:12     | Killed a hill giant
  8875 | D:12     | Found a snail-covered altar of Cheibriados.
  8888 | D:12     | Noticed a red ugly thing
  8899 | D:12     | Killed a red ugly thing
  9019 | D:12     | Noticed a purple ugly thing
  9031 | D:12     | Killed a purple ugly thing
  9243 | D:12     | Noticed a hill giant
  9253 | D:12     | Killed a hill giant
  9276 | D:12     | Learned a level 4 spell: Summon Lightning Spire
  9829 | D:11     | Reached skill level 1 in Air Magic
 10188 | D:11     | Noticed Herrn's ghost (powerful FoHu)
 10216 | D:11     | Killed Herrn's ghost
 10216 | D:11     | Received a gift from Sif Muna
 10216 | D:11     | Reached XP level 11. HP: 56/80 MP: 27/27
 10217 | D:11     | Identified Sif Muna's Compendium of the Creative Glacier {god gift} (Sif Muna gifted it to you on level 11 of the Dungeon)
 10565 | D:10     | Found a staircase to the Orcish Mines.
 11029 | D:10     | Identified a scroll of acquirement
 11030 | D:10     | Got a faintly humming buckler
 11041 | D:10     | Identified the +3 buckler "Goinn" {rF+ rN+} (You acquired it on level 10 of the Dungeon)
 11160 | D:10     | Got a flickering platinum ring
 11162 | D:10     | Identified the ring of Cahol {rC+ Int+4} (You took it off an orc on level 10 of the Dungeon)
 11352 | D:10     | Lost mutation: You are agile. (Dex +2) [potion of mutation]
 11352 | D:10     | Gained mutation: You tend to lose your temper in combat. [potion of mutation]
 11455 | Lair:1   | Entered Level 1 of the Lair of Beasts
 12094 | Lair:1   | Noticed a six-headed hydra
 12113 | Lair:1   | Killed a six-headed hydra
 12198 | Lair:1   | Noticed Joseph
 12213 | Lair:1   | Killed Joseph
 12794 | Lair:2   | Reached skill level 5 in Air Magic
 12997 | Lair:2   | Noticed a four-headed hydra
 13006 | Lair:2   | Killed a four-headed hydra
 13006 | Lair:2   | Reached skill level 11 in Summonings
 13836 | Lair:3   | Noticed a seven-headed hydra
 13846 | Lair:3   | Killed a seven-headed hydra
 13846 | Lair:3   | Received a gift from Sif Muna
 13859 | Lair:3   | Identified Sif Muna's Disquisition on Enchantment {god gift} (Sif Muna gifted it to you on level 3 of the Lair of Beasts)
 13912 | Lair:3   | Noticed a six-headed hydra
 13926 | Lair:3   | Killed a six-headed hydra
 13926 | Lair:3   | Reached skill level 1 in Shields
 14309 | Lair:3   | Learned a level 4 spell: Fulminant Prism
 14623 | Lair:4   | Reached skill level 1 in Conjurations
 15140 | Lair:4   | Reached XP level 12. HP: 63/86 MP: 29/29
 15724 | Lair:5   | Noticed a four-headed hydra
 15732 | Lair:5   | Killed a four-headed hydra
 16471 | Lair:5   | Found a hole to the Spider Nest.
 16994 | Lair:5   | Found a staircase to the Shoals.
 17025 | Lair:5   | Received a gift from Sif Muna
 17025 | Lair:5   | Reached skill level 12 in Summonings
 17026 | Lair:5   | Identified Sif Muna's Reference Book on Venomous Attacks {god gift} (Sif Muna gifted it to you on level 5 of the Lair of Beasts)
 17129 | Lair:5   | Found an iron altar of Okawaru.
 17411 | Lair:6   | Reached skill level 10 in Spellcasting
 17431 | Lair:6   | Learned a level 6 spell: Poisonous Cloud
 17460 | Lair:6   | Reached skill level 1 in Poison Magic
 17618 | Lair:6   | Noticed a six-headed hydra
 17634 | Lair:6   | Killed a six-headed hydra
 17851 | Lair:6   | Found a viscous altar of Jiyva.
 17852 | Lair:6   | Found a staircase to the Slime Pits.
 18752 | Lair:7   | Reached skill level 5 in Conjurations
 18934 | Lair:7   | You fall through a shaft!
 18934 | Lair:8   | Entered Level 8 of the Lair of Beasts
 19108 | Lair:8   | Received a gift from Sif Muna
 19109 | Lair:8   | Identified Sif Muna's Compendium of Icy Hexes {god gift} (Sif Muna gifted it to you on level 8 of the Lair of Beasts)
 19151 | Lair:8   | Reached skill level 5 in Poison Magic
 19292 | Lair:8   | Reached XP level 13. HP: 72/92 MP: 31/31
 21230 | D:9      | Bought a scroll of remove curse for 45 gold pieces
 21230 | D:9      | Bought a scroll of acquirement for 780 gold pieces
 21231 | D:9      | Got a slimy buckler
 21242 | D:9      | Identified the +1 buckler of Death Resistance {rPois- Str+3 Dex+5} (You acquired it on level 9 of the Dungeon)
 21384 | D:13     | Noticed Erolcha
 21391 | D:13     | Killed Erolcha
 21406 | D:13     | Found a gate to the Vaults.
 21419 | D:13     | Reached skill level 13 in Summonings
 21439 | D:13     | Noticed Nessos
 21447 | D:13     | Killed Nessos
 21469 | D:13     | Received a gift from Sif Muna
 21470 | D:13     | Identified Sif Muna's Disquisition on the Compass and Curses {god gift} (Sif Muna gifted it to you on level 13 of the Dungeon)
 21721 | D:13     | Found Sastrupt's Food Boutique.
 21783 | D:13     | Noticed Gastronok
 21796 | D:13     | Killed Gastronok
 22030 | D:13     | Found Kereischi's Food Boutique.
 22176 | D:13     | Found Moigax's Armour Shoppe.
 22518 | D:13     | Noticed Nergalle
 22528 | D:13     | Killed Nergalle
 23462 | D:14     | Found a shadowy altar of Dithmenos.
 23748 | D:15     | Entered Level 15 of the Dungeon
 23806 | D:15     | Reached XP level 14. HP: 76/98 MP: 32/32
 24046 | D:15     | Received a gift from Sif Muna
 24078 | D:15     | Identified Sif Muna's Compendium of the Oath {god gift} (Sif Muna gifted it to you on level 15 of the Dungeon)
 24150 | D:15     | Found a staircase to the Depths.
 24218 | D:15     | Noticed Frances
 24232 | D:15     | Killed Frances
 24794 | D:15     | Reached skill level 10 in Air Magic
 25224 | D:13     | Bought the +4 moon troll leather armour {Spirit, Regen++ MP+5} for 504 gold pieces
 25271 | D:13     | Learned a level 2 spell: Repel Missiles
 25557 | Spider:1 | Entered Level 1 of the Spider Nest
 26783 | Spider:1 | Noticed an emperor scorpion
 26803 | Spider:1 | Killed an emperor scorpion
 26902 | Spider:1 | Learned a level 4 spell: Control Teleport
 26999 | Spider:1 | Reached skill level 14 in Summonings
 27103 | Spider:1 | Reached skill level 1 in Charms
 27453 | Spider:2 | Received a gift from Sif Muna
 27621 | Spider:2 | Learned a level 6 spell: Freezing Cloud
 28244 | Spider:2 | Gained mutation: Your mind is acute. (Int +2) [potion of mutation]
 28244 | Spider:2 | Gained mutation: You are somewhat resistant to further mutation. [potion of mutation]
 28997 | Spider:5 | Entered Level 5 of the Spider Nest
 29003 | Spider:5 | Noticed a ghost moth
 29009 | Spider:5 | HP: 2/98 [disintegration (43)]
 29361 | Orc:1    | Entered Level 1 of the Orcish Mines
 29486 | Orc:1    | Found Faxzomm's Magic Scroll Boutique.
 30462 | Orc:3    | Found Sepaahix's Gadget Emporium.
 30529 | Orc:3    | Found a dark tunnel.
 30534 | Volcano  | Entered a volcano
 30779 | Volcano  | Found a bloodstained altar of Trog.
 31118 | Volcano  | Identified the Incunabulum of Battle Magic and Fire
 31405 | Orc:4    | Entered Level 4 of the Orcish Mines
 32185 | Orc:4    | Reached XP level 15. HP: 96/104 MP: 17/32
 32912 | Orc:4    | Noticed an orc warlord
 32928 | Orc:4    | Killed an orc warlord
 33126 | Orc:4    | Found Ythe's Gadget Boutique.
 33194 | Orc:4    | Found a roughly hewn altar of Beogh.
 33209 | Orc:4    | Received a gift from Sif Muna
 33210 | Orc:4    | Identified Laurhus' Incunabulum of Slavery {god gift} (Sif Muna gifted it to you on level 4 of the Orcish Mines)
 33217 | Orc:4    | Found Stoun's Weapon Shop.
 33608 | Orc:4    | Found Arummoli's Food Shop.
 33645 | Orc:4    | Found Gronag's Food Boutique.
 33683 | Orc:4    | Found a roughly hewn altar of Beogh.
 33712 | Orc:4    | Lost mutation: Your spells are a little easier to cast, but a little less powerful. [potion of cure mutation]
 33712 | Orc:4    | Lost mutation: You can spit poison. [potion of cure mutation]
 33712 | Orc:4    | Lost mutation: You are somewhat resistant to further mutation. [potion of cure mutation]
 34767 | Spider:4 | Reached skill level 10 in Conjurations
 35624 | Spider:5 | Noticed an emperor scorpion
 35642 | Spider:5 | Noticed an emperor scorpion
 35963 | Spider:4 | HP: 4/104 [poisoned by a ghost moth]
 35965 | Spider:4 | Succumbed to a ghost moth's poison

Action                   |  1- 3 |  4- 6 |  7- 9 | 10-12 | 13-15 || total
-------------------------+-------+-------+-------+-------+-------++-------
Melee: Unarmed           |    25 |       |       |       |       ||    25
       Spear             |   120 |   180 |   554 |    41 |       ||   895
       Staff             |       |       |       |   275 |   493 ||   768
 Cast: Summon Small Mamm |     7 |     1 |       |       |       ||     8
       Call Imp          |     4 |    10 |    14 |       |       ||    28
       Call Canine Famil |     1 |     9 |    25 |    58 |    78 ||   171
       Summon Ice Beast  |       |       |    46 |   278 |   340 ||   664
       Summon Guardian G |       |       |     2 |    45 |    64 ||   111
       Summon Mana Viper |       |       |       |   223 |   311 ||   534
       Fulminant Prism   |       |       |       |    95 |    63 ||   158
       Summon Lightning  |       |       |       |     9 |     4 ||    13
       Freezing Cloud    |       |       |       |       |   207 ||   207
       Apportation       |       |       |       |       |     9 ||     9
       Repel Missiles    |       |       |       |       |     1 ||     1
Invok: Channel Energy    |       |       |    23 |  1225 |  2327 ||  3575
 Abil: End Transformatio |       |       |       |       |     2 ||     2
       Bat Form          |       |       |       |       |     2 ||     2
Evoke: Wand              |       |       |     4 |       |     6 ||    10
  Use: Potion            |     7 |    19 |    55 |    72 |   135 ||   288
       Scroll            |       |     4 |     7 |    21 |    28 ||    60
 Stab: Sleeping          |     9 |    13 |    10 |     5 |       ||    37
       Distracted        |       |     2 |     4 |     5 |     2 ||    13
  Eat: Corpse            |     7 |       |       |    70 |   108 ||   185
